Jets vs Penguins
(R1)
Created - 28 octobre 2012 at 22:12
Simulating a Pre-Season
Goals
|
| Jets |
0 |
5 |
0 |
5 |
| Penguins |
1 |
2 |
3 |
6 |
|
Shots
|
| Jets |
8 |
22 |
3 |
33 |
| Penguins |
4 |
5 |
22 |
31 |
|
1st period
1. Penguins , Zigmund Palffy 1 (Oleg Kvasha, Taylor Pyatt) at 5:52 (PP)
Penalties :
Darren Reid (Pit) for Boarding (Minor) at 2:10, Zenon Konopka (Win) for Interference (Minor) at 4:24, Bryce Salvador (Win) for Hooking (Minor) at 6:44, Daniel Tjarnqvist (Pit) for Roughing (Minor) at 15:12
2nd period
2. Jets , Brian Gionta 1 (Pavel Kubina, Alexander Frolov) at 0:36 (PP)
3. Penguins , Oleg Kvasha 1 (Zigmund Palffy) at 5:41 (PP)
4. Jets , Jason Allison 1 (Alexander Frolov, Pavel Kubina) at 9:28 (PP)
5. Penguins , Fredrik Sjostrom 1 (Jonas Hoglund) at 10:49
6. Jets , Alexander Frolov 1 (Jason Allison, Wade Redden) at 10:57
7. Jets , Wade Redden 1 (David Vyborny, Dan Ellis) at 11:36 (PP)
8. Jets , Jason Arnott 1 (Alexander Frolov) at 19:06
Penalties :
Ryan Kesler (Pit) for Hooking (Minor) at 0:20, Dainius Zubrus (Win) for High sticking (Minor) at 1:29, Oleg Kvasha (Pit) for Elbowing (Minor) at 3:31, Zenon Konopka (Win) for Hooking (Minor) at 5:39, Alexander Frolov (Win) for Hooking (Minor) at 6:15, Steve Staios (Pit) for Interference (Minor) at 9:11, Ryan Kesler (Pit) for Tripping (Minor) at 11:02, Alexander Frolov (Win) for Tripping (Minor) at 11:51, Peter Worrell (Win) for Interference (Minor) at 12:34
3rd period
9. Penguins , Keith Tkachuk 1 (Tom Preissing) at 9:04
10. Penguins , Ryan Kesler 1 (Jonas Hoglund, Keith Tkachuk) at 16:37 (PP)
11. Penguins , Taylor Pyatt 1 (Zigmund Palffy) at 19:22
Penalties :
Brian Gionta (Win) for Interference (Minor) at 1:15, Steve Staios (Pit) for Tripping (Minor) at 4:09, Steve Staios (Pit) for Hooking (Minor) at 9:22, Zigmund Palffy (Pit) for Hooking (Minor) at 12:41, Christian Laflamme (Win) for Hooking (Minor) at 12:41, David Vyborny (Win) for Roughing (Minor) at 14:58
Goalie Stats
Dan Ellis (Win), 25 saves from 31 shots - (0,806), L, 0-1-0, 59:56 minutes
Brian Elliott (Pit), 28 saves from 33 shots - (0,848), W, 1-0-0, 60:00 minutes
Players Stats for Jets
Player Name G A P +/- PIM S H SB GA TA FO MP PP MP PK MP
------------------------------------------------------------------------------------
Alexander Frolov 1 3 4 0 4 7 1 1 1 0 2/2 23:54 6:21 4:08
Alexander Steen 0 0 0 0 0 2 1 0 0 0 0/0 13:09 4:33 0:38
Brian Gionta 1 0 1 0 2 2 0 2 1 0 0/0 18:03 6:24 0:00
Bryce Salvador 0 0 0 1 2 1 1 1 0 2 0/0 23:26 3:44 7:38
Christian Laflamme 0 0 0 -1 2 0 0 2 1 0 0/0 16:11 0:00 8:46
Colin White 0 0 0 -1 0 1 0 0 0 0 0/0 11:54 0:01 5:01
Dainius Zubrus 0 0 0 0 2 2 0 1 0 0 1/2 7:58 0:05 0:00
David Vyborny 0 1 1 0 2 0 0 0 0 0 1/1 14:09 4:33 2:16
Denis Shvidki 0 0 0 -1 0 3 0 0 0 0 0/0 6:08 0:00 0:00
Jason Allison 1 1 2 0 0 3 2 0 1 0 16/39 20:25 6:24 0:39
Jason Arnott 1 0 1 0 0 1 2 0 2 0 5/7 15:46 4:33 3:47
Niclas Havelid 0 0 0 1 0 0 0 1 0 2 0/0 15:57 3:44 1:08
Pavel Kubina 0 2 2 -1 0 4 1 1 1 0 0/0 23:52 7:18 0:05
Peter Worrell 0 0 0 0 2 1 1 2 0 1 0/0 14:40 0:05 6:59
Ryan Getzlaf 0 0 0 0 0 3 4 0 0 0 11/21 16:12 0:08 7:50
Vladimir Orszagh 0 0 0 -1 0 0 1 0 0 0 0/0 6:08 0:00 0:00
Wade Redden 1 1 2 -1 0 1 1 0 0 0 0/0 28:50 7:17 4:56
Zenon Konopka 0 0 0 -1 4 2 1 0 0 0 3/4 6:06 0:00 0:00
Players Stats for Penguins
Player Name G A P +/- PIM S H SB GA TA FO MP PP MP PK MP
------------------------------------------------------------------------------------
Carlo Colaiacovo 0 0 0 0 0 0 1 1 0 0 0/0 9:01 0:00 1:00
Daniel Tjarnqvist 0 0 0 2 2 2 1 1 0 1 0/0 21:38 6:06 3:53
Darren Reid 0 0 0 0 2 3 0 0 0 1 1/2 9:40 0:20 0:00
Fredrik Sjostrom 1 0 1 0 0 1 0 0 0 0 0/1 11:03 0:00 1:39
Jonas Hoglund 0 2 2 0 0 1 3 0 0 0 11/14 27:13 7:28 6:37
Jussi Jokinen 0 0 0 0 0 2 1 0 0 0 0/0 9:40 0:20 0:00
Keith Tkachuk 1 1 2 1 0 2 4 0 0 0 1/4 15:46 7:28 3:12
Kevin Bieksa 0 0 0 -1 0 1 3 0 1 1 0/0 30:43 7:41 6:25
Marc-Édouard Vlasic 0 0 0 0 0 1 0 1 0 0 0/0 9:49 0:00 2:33
Oleg Kvasha 1 1 2 0 2 3 1 3 0 0 3/9 17:11 5:59 2:35
Ryan Kesler 1 0 1 0 4 5 1 0 0 1 16/32 26:21 7:28 5:47
Steve Staios 0 0 0 -1 6 4 2 0 1 0 0/0 28:57 7:41 3:51
T.J. Hensick 0 0 0 1 0 0 0 0 0 0 1/4 4:13 0:00 0:00
Taylor Pyatt 1 1 2 0 0 2 3 0 2 1 0/1 14:06 5:59 0:00
Ted Purcell 0 0 0 1 0 0 1 0 0 0 0/0 4:51 0:20 0:00
Tom Preissing 0 1 1 2 0 1 1 0 1 1 0/0 21:46 6:06 4:22
Tuomo Ruutu 0 0 0 0 0 2 1 0 0 0 2/7 10:42 0:00 2:14
Zigmund Palffy 1 2 3 0 2 1 2 0 0 1 2/2 14:10 5:59 0:00
3 Stars
1 - Keith Tkachuk (Pit)
2 - Alexander Frolov (Win)
3 - Taylor Pyatt (Pit)
Power Play
Jets - 3 on 8 Attempt(s) - 37,50%
Penguins - 3 on 9 Attempt(s) - 33,33%
Penalty Kill
Jets - 6 on 9 Attempt(s) - 66,67%
- Score 0 goal in Penalty Kill
Penguins - 5 on 8 Attempt(s) - 62,50%
- Score 0 goal in Penalty Kill
Official
Referees : Charron Francis and StPierre Justin
Linesman : Greg Devorski and Dan Schachte
Game Notes
No Game Note
Jets
5 vs 5 Forward
Center Left Wing Right Wing Time % Phy DF OF
1 Jason Allison Alexander Frolov Brian Gionta 40 1 2 2
2 Jason Arnott Peter Worrell David Vyborny 30 1 2 2
3 Ryan Getzlaf Alexander Steen Dainius Zubrus 20 1 2 2
4 Zenon Konopka Vladimir Orszagh Denis Shvidki 10 1 2 2
5 vs 5 Defense
Defense Defense Time % Phy DF OF
1 Wade Redden Pavel Kubina 40 1 2 2
2 Niclas Havelid Bryce Salvador 30 1 2 2
3 Colin White Christian Laflamme 20 1 2 2
4 Wade Redden Pavel Kubina 10 1 2 2
PowerPlay Forward
Center Left Wing Right Wing Time % Phy DF OF
1 Jason Allison Alexander Frolov Brian Gionta 60 1 2 2
2 Jason Arnott Alexander Steen David Vyborny 40 1 2 2
PowerPlay Defense
Defense Defense Time % Phy DF OF
1 Wade Redden Pavel Kubina 60 1 2 2
2 Niclas Havelid Bryce Salvador 40 1 2 2
Penalty Kill 4 Players Forward
Center Wing Time % Phy DF OF
1 Ryan Getzlaf Peter Worrell 60 1 3 1
2 Jason Arnott Alexander Frolov 40 1 3 1
Penalty Kill 4 Players Defense
Defense Defense Time % Phy DF OF
1 Bryce Salvador Christian Laflamme 60 1 3 1
2 Wade Redden Colin White 40 1 2 1
Penalty Kill - 3 Players Forward
Forward Time % Phy DF OF
1 Ryan Getzlaf 60 1 2 2
2 Jason Allison 40 1 2 2
Penalty Kill - 3 Players Defense
Defense Defense Time % Phy DF OF
1 Christian Laflamme Bryce Salvador 60 1 2 2
2 Wade Redden Colin White 40 1 2 2
4 vs 4 Forward
Center Wing Time % Phy DF OF
1 Jason Allison Alexander Frolov 60 1 2 2
2 Jason Arnott Alexander Steen 40 1 2 2
4 vs 4 Defense
Defense Defense Time % Phy DF OF
1 Wade Redden Pavel Kubina 60 1 2 2
2 Niclas Havelid Bryce Salvador 40 1 2 2
Last Minutes Offensive
Center Left Wing Right Wing Defense Defense
Jason Allison Alexander Frolov Brian Gionta Wade Redden Pavel Kubina
Last Minutes Defensive
Center Left Wing Right Wing Defense Defense
Ryan Getzlaf Peter Worrell Denis Shvidki Bryce Salvador Christian Laflamme
Goaltenders
Starting : Dan Ellis
Backup : Ilya Bryzgalov
Extra Forwards
Normal : Alexander Steen, Ryan Getzlaf, David Vyborny - PP : Alexander Steen, Ryan Getzlaf - PK : David Vyborny
Extra Defensemen
Normal : Colin White, Christian Laflamme, Niclas Havelid - PP : Colin White - PK : Christian Laflamme, Niclas Havelid
Penalty Shots
Peter Worrell, Jason Allison, Jason Arnott, Alexander Frolov, Brian Gionta
Penguins
5 vs 5 Forward
Center Left Wing Right Wing Time % Phy DF OF
1 Ryan Kesler Fredrik Sjostrom Jonas Hoglund 40 1 2 2
2 Oleg Kvasha Taylor Pyatt Zigmund Palffy 30 1 2 2
3 Tuomo Ruutu Jussi Jokinen Darren Reid 20 1 2 2
4 T.J. Hensick Keith Tkachuk Ted Purcell 10 1 2 2
5 vs 5 Defense
Defense Defense Time % Phy DF OF
1 Steve Staios Kevin Bieksa 40 1 2 2
2 Tom Preissing Daniel Tjarnqvist 30 1 2 2
3 Carlo Colaiacovo Marc-Édouard Vlasic 20 1 2 2
4 Steve Staios Kevin Bieksa 10 1 2 2
PowerPlay Forward
Center Left Wing Right Wing Time % Phy DF OF
1 Ryan Kesler Keith Tkachuk Jonas Hoglund 60 1 2 2
2 Oleg Kvasha Taylor Pyatt Zigmund Palffy 40 1 2 2
PowerPlay Defense
Defense Defense Time % Phy DF OF
1 Steve Staios Kevin Bieksa 60 1 2 2
2 Tom Preissing Daniel Tjarnqvist 40 1 2 2
Penalty Kill 4 Players Forward
Center Wing Time % Phy DF OF
1 Jonas Hoglund Ryan Kesler 60 1 2 2
2 Keith Tkachuk Oleg Kvasha 40 1 2 2
Penalty Kill 4 Players Defense
Defense Defense Time % Phy DF OF
1 Steve Staios Kevin Bieksa 60 1 2 2
2 Tom Preissing Daniel Tjarnqvist 40 1 2 2
Penalty Kill - 3 Players Forward
Forward Time % Phy DF OF
1 Jonas Hoglund 60 1 2 2
2 Ryan Kesler 40 1 2 2
Penalty Kill - 3 Players Defense
Defense Defense Time % Phy DF OF
1 Steve Staios Kevin Bieksa 60 1 2 2
2 Tom Preissing Daniel Tjarnqvist 40 1 2 2
4 vs 4 Forward
Center Wing Time % Phy DF OF
1 Jonas Hoglund Ryan Kesler 60 1 2 2
2 Keith Tkachuk Oleg Kvasha 40 1 2 2
4 vs 4 Defense
Defense Defense Time % Phy DF OF
1 Steve Staios Kevin Bieksa 60 1 2 2
2 Tom Preissing Daniel Tjarnqvist 40 1 2 2
Last Minutes Offensive
Center Left Wing Right Wing Defense Defense
Ryan Kesler Keith Tkachuk Jonas Hoglund Steve Staios Kevin Bieksa
Last Minutes Defensive
Center Left Wing Right Wing Defense Defense
Ryan Kesler Keith Tkachuk Jonas Hoglund Steve Staios Kevin Bieksa
Goaltenders
Starting : Brian Elliott
Backup : Byron Dafoe
Extra Forwards
Normal : Darren Reid, Jussi Jokinen, Tuomo Ruutu - PP : Darren Reid, Jussi Jokinen - PK : Tuomo Ruutu
Extra Defensemen
Normal : Carlo Colaiacovo, Marc-Édouard Vlasic, Tom Preissing - PP : Carlo Colaiacovo - PK : Marc-Édouard Vlasic, Tom Preissing
Penalty Shots
Jonas Hoglund, Ryan Kesler, Keith Tkachuk, Oleg Kvasha, Zigmund Palffy
% Time on Ice - Jets
Lines # - Real PCT - Wanted PCT - Time Play
Normal Forward
1 - 37% - 40% - 12:02
2 - 22% - 30% - 7:06
3 - 22% - 20% - 7:19
4 - 19% - 10% - 6:08
Normal Defense
1 - 47% - 40% - 15:25
2 - 33% - 30% - 10:42
3 - 20% - 20% - 6:28
4 - 0% - 10% - 0:00
PP Forward
1 - 59% - 60% - 6:29
2 - 41% - 40% - 4:33
PP Defense
1 - 66% - 60% - 7:18
2 - 34% - 40% - 3:44
PK Forward
1 - 70% - 60% - 8:44
2 - 30% - 40% - 3:47
PK Defense
1 - 64% - 60% - 7:59
2 - 36% - 40% - 4:32
PK3 Forward
1 - 80% - 60% - 1:01
2 - 20% - 40% - 0:15
PK3 Defense
1 - 68% - 60% - 0:52
2 - 32% - 40% - 0:24
44 Forward
1 - 83% - 60% - 1:39
2 - 17% - 40% - 0:20
44 Defense
1 - 53% - 60% - 1:03
2 - 47% - 40% - 0:56
Last Minute Offensive - 0:37
Last Minute Defensive - 0:00
Total
Forward - 60:00
Defense - 60:00
|
% Time on Ice - Penguins
Lines # - Real PCT - Wanted PCT - Time Play
Normal Forward
1 - 37% - 40% - 11:58
2 - 25% - 30% - 8:07
3 - 25% - 20% - 8:17
4 - 13% - 10% - 4:13
Normal Defense
1 - 44% - 40% - 14:19
2 - 32% - 30% - 10:33
3 - 22% - 20% - 7:16
4 - 1% - 10% - 0:27
PP Forward
1 - 57% - 60% - 7:48
2 - 43% - 40% - 5:59
PP Defense
1 - 56% - 60% - 7:41
2 - 44% - 40% - 6:06
PK Forward
1 - 71% - 60% - 7:50
2 - 29% - 40% - 3:12
PK Defense
1 - 60% - 60% - 6:40
2 - 40% - 40% - 4:22
PK3 Forward
1 - 0% - 60%
2 - 0% - 40%
PK3 Defense
1 - 0% - 60%
2 - 0% - 40%
44 Forward
1 - 81% - 60% - 1:36
2 - 19% - 40% - 0:23
44 Defense
1 - 62% - 60% - 1:14
2 - 38% - 40% - 0:45
Last Minute Offensive - 0:00
Last Minute Defensive - 0:37
Total
Forward - 60:00
Defense - 60:00
|
Play by Play
1st period
0:01 of 1st period - Jason Allison wins face-off versus Ryan Kesler in neutral zone.
0:06 of 1st period - Snap shot by Jason Allison.
0:06 of 1st period - Stopped by Brian Elliott with a rebound.
0:12 of 1st period - Snap shot by Ryan Kesler.
0:12 of 1st period - Shot Misses the Net.
0:14 of 1st period - Slapshot by Kevin Bieksa.
0:14 of 1st period - Shot Misses the Net.
0:16 of 1st period - Slapshot by Steve Staios.
0:16 of 1st period - Stopped by Dan Ellis with a rebound.
0:57 of 1st period - Wrist shot by Alexander Steen.
0:57 of 1st period - Shot Blocked by Daniel Tjarnqvist.
1:19 of 1st period - Slapshot by Marc-Édouard Vlasic.
1:19 of 1st period - Stopped by Dan Ellis without a rebound.
1:20 of 1st period - Jonas Hoglund wins face-off versus Jason Allison in Jets zone.
1:45 of 1st period - Kevin Bieksa is hit by Peter Worrell and loses puck.
2:10 of 1st period - Minor Penalty to Darren Reid for Boarding.
2:11 of 1st period - Jonas Hoglund wins face-off versus Jason Allison in Penguins zone.
2:41 of 1st period - Off-side.
2:42 of 1st period - Jason Allison wins face-off versus Keith Tkachuk in neutral zone.
3:09 of 1st period - David Vyborny is hit by Jonas Hoglund and loses puck.
4:10 of 1st period - Penalty to Darren Reid is over, Darren Reid is back on ice.
4:24 of 1st period - Minor Penalty to Zenon Konopka for Interference.
4:25 of 1st period - Ryan Getzlaf wins face-off versus Oleg Kvasha in Jets zone.
4:53 of 1st period - Wrist shot by Ryan Kesler.
4:53 of 1st period - Shot Misses the Net.
5:26 of 1st period - Icing by Ryan Kesler.
5:27 of 1st period - David Vyborny wins face-off versus Ryan Kesler in Penguins zone.
5:52 of 1st period - Wrist shot by Zigmund Palffy.
5:52 of 1st period - Goal by Zigmund Palffy - Jets : 0 - Penguins : 1.
5:53 of 1st period - Jason Allison wins face-off versus Ryan Kesler in neutral zone.
5:56 of 1st period - Snap shot by Brian Gionta.
5:56 of 1st period - Stopped by Brian Elliott with a rebound.
6:44 of 1st period - Minor Penalty to Bryce Salvador for Hooking.
6:45 of 1st period - Ryan Getzlaf wins face-off versus Keith Tkachuk in Jets zone.
6:56 of 1st period - Niclas Havelid is hit by Keith Tkachuk and loses puck.
7:18 of 1st period - Slapshot by Taylor Pyatt.
7:18 of 1st period - Shot Blocked by Niclas Havelid.
7:30 of 1st period - Christian Laflamme is hit by Keith Tkachuk.
8:44 of 1st period - Penalty to Bryce Salvador is over, Bryce Salvador is back on ice.
8:54 of 1st period - Steve Staios is hit by Vladimir Orszagh and loses puck.
9:11 of 1st period - Ted Purcell is hit by Pavel Kubina and loses puck.
10:05 of 1st period - Snap shot by Alexander Steen.
10:05 of 1st period - Stopped by Brian Elliott with a rebound.
10:07 of 1st period - Slapshot by Pavel Kubina.
10:07 of 1st period - Deflect By Tom Preissing.
10:07 of 1st period - Stopped by Brian Elliott with a rebound.
11:42 of 1st period - Alexander Frolov is hit by Jonas Hoglund and loses puck.
12:18 of 1st period - Kevin Bieksa is hit by Ryan Getzlaf and loses puck.
12:27 of 1st period - Ted Purcell is hit by Ryan Getzlaf and loses puck.
13:13 of 1st period - Jason Arnott is hit by Taylor Pyatt and loses puck.
13:22 of 1st period - Peter Worrell is hit by Carlo Colaiacovo and loses puck.
14:03 of 1st period - Ryan Kesler is hit by Ryan Getzlaf and loses puck.
14:33 of 1st period - Off-side.
14:34 of 1st period - Zenon Konopka wins face-off versus T.J. Hensick in neutral zone.
14:41 of 1st period - Snap shot by Colin White.
14:41 of 1st period - Stopped by Brian Elliott without a rebound.
14:42 of 1st period - Ryan Kesler wins face-off versus Jason Allison in Penguins zone.
15:12 of 1st period - Minor Penalty to Daniel Tjarnqvist for Roughing.
15:13 of 1st period - Jonas Hoglund wins face-off versus Jason Allison in Penguins zone.
15:31 of 1st period - Icing by Jason Allison.
15:32 of 1st period - Jonas Hoglund wins face-off versus Jason Allison in Jets zone.
17:12 of 1st period - Penalty to Daniel Tjarnqvist is over, Daniel Tjarnqvist is back on ice.
17:18 of 1st period - Jonas Hoglund is hit by Zenon Konopka and loses puck.
17:27 of 1st period - Slapshot by Zenon Konopka.
17:27 of 1st period - Stopped by Brian Elliott with a rebound.
17:37 of 1st period - Slapshot by Kevin Bieksa.
17:37 of 1st period - Shot Misses the Net.
17:39 of 1st period - Wrist shot by Tuomo Ruutu.
17:39 of 1st period - Stopped by Dan Ellis without a rebound.
17:40 of 1st period - Tuomo Ruutu wins face-off versus Ryan Getzlaf in Jets zone.
17:41 of 1st period - Snap shot by Darren Reid.
17:41 of 1st period - Shot Misses the Net.
18:18 of 1st period - Off-side.
18:19 of 1st period - Jason Allison wins face-off versus Oleg Kvasha in neutral zone.
18:24 of 1st period - Snap shot by Alexander Frolov.
18:24 of 1st period - Stopped by Brian Elliott with a rebound.
18:26 of 1st period - Wrist shot by Brian Gionta.
18:26 of 1st period - Shot Misses the Net.
18:46 of 1st period - Marc-Édouard Vlasic is hit by Jason Allison and loses puck.
18:51 of 1st period - Snap shot by Alexander Frolov.
18:51 of 1st period - Stopped by Brian Elliott without a rebound.
18:52 of 1st period - Jason Arnott wins face-off versus Taylor Pyatt in Penguins zone.
19:01 of 1st period - Kevin Bieksa is hit by Wade Redden and loses puck.
19:18 of 1st period - Ryan Getzlaf is hit by Kevin Bieksa and loses puck.
2nd period
0:01 of 2nd period - Alexander Frolov wins face-off versus Ryan Kesler in neutral zone.
0:04 of 2nd period - Wrist shot by Pavel Kubina.
0:04 of 2nd period - Deflect By Brian Gionta.
0:04 of 2nd period - Shot Misses the Net.
0:04 of 2nd period - Puck is out of play.
0:05 of 2nd period - Ryan Kesler wins face-off versus Jason Allison in Penguins zone.
0:20 of 2nd period - Slapshot by Alexander Frolov.
0:20 of 2nd period - Stopped by Brian Elliott without a rebound.
0:20 of 2nd period - Minor Penalty to Ryan Kesler for Hooking.
0:21 of 2nd period - Jonas Hoglund wins face-off versus Jason Allison in Penguins zone.
0:32 of 2nd period - Snap shot by Alexander Frolov.
0:32 of 2nd period - Stopped by Brian Elliott with a rebound.
0:34 of 2nd period - Slapshot by Pavel Kubina.
0:34 of 2nd period - Stopped by Brian Elliott with a rebound.
0:36 of 2nd period - Wrist shot by Brian Gionta.
0:36 of 2nd period - Goal by Brian Gionta - Jets : 1 - Penguins : 1.
0:37 of 2nd period - Ryan Kesler wins face-off versus Jason Allison in neutral zone.
0:42 of 2nd period - Slapshot by Ryan Kesler.
0:42 of 2nd period - Shot Misses the Net.
1:29 of 2nd period - Minor Penalty to Dainius Zubrus for High sticking.
1:30 of 2nd period - Ryan Kesler wins face-off versus Ryan Getzlaf in Jets zone.
1:31 of 2nd period - Snap shot by Jonas Hoglund.
1:31 of 2nd period - Deflect By Peter Worrell.
1:31 of 2nd period - Shot Misses the Net.
1:31 of 2nd period - Puck is out of play.
1:32 of 2nd period - Ryan Kesler wins face-off versus Ryan Getzlaf in Jets zone.
1:59 of 2nd period - Off-side.
2:00 of 2nd period - Oleg Kvasha wins face-off versus Jason Arnott in neutral zone.
3:29 of 2nd period - Penalty to Dainius Zubrus is over, Dainius Zubrus is back on ice.
3:31 of 2nd period - Minor Penalty to Oleg Kvasha for Elbowing.
3:32 of 2nd period - Jonas Hoglund wins face-off versus Jason Allison in Penguins zone.
5:01 of 2nd period - Wade Redden is hit by Tuomo Ruutu and loses puck.
5:31 of 2nd period - Penalty to Oleg Kvasha is over, Oleg Kvasha is back on ice.
5:38 of 2nd period - Snap shot by Ryan Getzlaf.
5:38 of 2nd period - Stopped by Brian Elliott without a rebound.
5:39 of 2nd period - Zigmund Palffy wins face-off versus Zenon Konopka in Penguins zone.
5:39 of 2nd period - Minor Penalty to Zenon Konopka for Hooking.
5:40 of 2nd period - Zigmund Palffy wins face-off versus Ryan Getzlaf in Jets zone.
5:41 of 2nd period - Wrist shot by Oleg Kvasha.
5:41 of 2nd period - Goal by Oleg Kvasha - Jets : 1 - Penguins : 2.
5:42 of 2nd period - Ryan Kesler wins face-off versus Jason Allison in neutral zone.
6:15 of 2nd period - Minor Penalty to Alexander Frolov for Hooking.
6:16 of 2nd period - Ryan Kesler wins face-off versus Ryan Getzlaf in Jets zone.
6:31 of 2nd period - Slapshot by Ryan Kesler.
6:31 of 2nd period - Shot Misses the Net.
6:41 of 2nd period - Peter Worrell is hit by Zigmund Palffy and loses puck.
7:36 of 2nd period - Keith Tkachuk is hit by Ryan Getzlaf and loses puck.
8:15 of 2nd period - Penalty to Alexander Frolov is over, Alexander Frolov is back on ice.
8:15 of 2nd period - Christian Laflamme is hit by Ted Purcell and loses puck.
8:22 of 2nd period - Backhand shot by Ted Purcell.
8:22 of 2nd period - Shot Blocked by Bryce Salvador.
8:24 of 2nd period - Wrist shot by Marc-Édouard Vlasic.
8:24 of 2nd period - Shot Misses the Net.
8:54 of 2nd period - Slapshot by Bryce Salvador.
8:54 of 2nd period - Stopped by Brian Elliott without a rebound.
8:55 of 2nd period - Jason Allison wins face-off versus T.J. Hensick in Penguins zone.
8:58 of 2nd period - Snap shot by Jason Allison.
8:58 of 2nd period - Stopped by Brian Elliott without a rebound.
8:59 of 2nd period - T.J. Hensick wins face-off versus Jason Allison in Penguins zone.
9:11 of 2nd period - Minor Penalty to Steve Staios for Interference.
9:12 of 2nd period - Jonas Hoglund wins face-off versus Jason Allison in Penguins zone.
9:28 of 2nd period - Snap shot by Jason Allison.
9:28 of 2nd period - Goal by Jason Allison - Jets : 2 - Penguins : 2.
9:29 of 2nd period - Ryan Kesler wins face-off versus Jason Allison in neutral zone.
9:56 of 2nd period - Steve Staios is hit by Jason Arnott and loses puck.
10:03 of 2nd period - Snap shot by Jason Arnott.
10:03 of 2nd period - Shot Blocked by Oleg Kvasha.
10:39 of 2nd period - Icing by Daniel Tjarnqvist.
10:40 of 2nd period - Jason Allison wins face-off versus Ryan Kesler in Penguins zone.
10:49 of 2nd period - Backhand shot by Fredrik Sjostrom.
10:49 of 2nd period - Goal by Fredrik Sjostrom - Jets : 2 - Penguins : 3.
10:50 of 2nd period - Jason Allison wins face-off versus Ryan Kesler in neutral zone.
10:57 of 2nd period - Wrist shot by Jason Allison.
10:57 of 2nd period - Deflect By Alexander Frolov.
10:57 of 2nd period - Goal by Alexander Frolov - Jets : 3 - Penguins : 3.
10:58 of 2nd period - Jason Allison wins face-off versus Jonas Hoglund in neutral zone.
11:02 of 2nd period - Minor Penalty to Ryan Kesler for Tripping.
11:03 of 2nd period - Jonas Hoglund wins face-off versus Jason Allison in Penguins zone.
11:36 of 2nd period - Slapshot by Wade Redden.
11:36 of 2nd period - Goal by Wade Redden - Jets : 4 - Penguins : 3.
11:37 of 2nd period - Oleg Kvasha wins face-off versus Jason Allison in neutral zone.
11:51 of 2nd period - Minor Penalty to Alexander Frolov for Tripping.
11:52 of 2nd period - Ryan Getzlaf wins face-off versus Ryan Kesler in Jets zone.
12:03 of 2nd period - Wrist shot by Jonas Hoglund.
12:03 of 2nd period - Shot Misses the Net.
12:05 of 2nd period - Wrist shot by Keith Tkachuk.
12:05 of 2nd period - Deflect By Jonas Hoglund.
12:05 of 2nd period - Shot Blocked by Christian Laflamme.
12:05 of 2nd period - Puck is out of play.
12:06 of 2nd period - Ryan Getzlaf wins face-off versus Ryan Kesler in Jets zone.
12:06 of 2nd period - Ryan Getzlaf is hit by Keith Tkachuk.
12:16 of 2nd period - Wrist shot by Jonas Hoglund.
12:16 of 2nd period - Deflect By Ryan Kesler.
12:16 of 2nd period - Shot Blocked by Peter Worrell.
12:16 of 2nd period - Puck is out of play.
12:17 of 2nd period - Ryan Getzlaf wins face-off versus Ryan Kesler in Jets zone.
12:31 of 2nd period - Snap shot by Keith Tkachuk.
12:31 of 2nd period - Shot Misses the Net.
12:34 of 2nd period - Minor Penalty to Peter Worrell for Interference.
12:35 of 2nd period - Ryan Getzlaf wins face-off versus Ryan Kesler in Jets zone.
12:46 of 2nd period - Bryce Salvador is hit by Keith Tkachuk and loses puck.
13:51 of 2nd period - Penalty to Alexander Frolov is over, Alexander Frolov is back on ice.
14:34 of 2nd period - Penalty to Peter Worrell is over, Peter Worrell is back on ice.
14:36 of 2nd period - Icing by Ted Purcell.
14:37 of 2nd period - Jason Arnott wins face-off versus Darren Reid in Penguins zone.
14:38 of 2nd period - Wrist shot by Peter Worrell.
14:38 of 2nd period - Stopped by Brian Elliott without a rebound.
14:39 of 2nd period - Jason Arnott wins face-off versus Tuomo Ruutu in Penguins zone.
14:40 of 2nd period - Snap shot by David Vyborny.
14:40 of 2nd period - Shot Misses the Net.
15:04 of 2nd period - Ryan Kesler is hit by Jason Allison and loses puck.
15:11 of 2nd period - Slapshot by Tom Preissing.
15:11 of 2nd period - Shot Blocked by Brian Gionta.
15:13 of 2nd period - Slapshot by Tom Preissing.
15:13 of 2nd period - Stopped by Dan Ellis with a rebound.
15:47 of 2nd period - Snap shot by Denis Shvidki.
15:47 of 2nd period - Stopped by Brian Elliott with a rebound.
15:49 of 2nd period - Slapshot by Pavel Kubina.
15:49 of 2nd period - Stopped by Brian Elliott with a rebound.
15:51 of 2nd period - Wrist shot by Zenon Konopka.
15:51 of 2nd period - Stopped by Brian Elliott with a rebound.
15:53 of 2nd period - Snap shot by Denis Shvidki.
15:53 of 2nd period - Shot Blocked by Marc-Édouard Vlasic.
15:55 of 2nd period - Wrist shot by Denis Shvidki.
15:55 of 2nd period - Stopped by Brian Elliott with a rebound.
15:57 of 2nd period - Snap shot by Zenon Konopka.
15:57 of 2nd period - Shot Misses the Net.
16:51 of 2nd period - Snap shot by Alexander Steen.
16:51 of 2nd period - Shot Misses the Net.
16:53 of 2nd period - Snap shot by Dainius Zubrus.
16:53 of 2nd period - Shot Misses the Net.
16:55 of 2nd period - Snap shot by Colin White.
16:55 of 2nd period - Shot Blocked by Oleg Kvasha.
16:57 of 2nd period - Slapshot by Dainius Zubrus.
16:57 of 2nd period - Shot Misses the Net.
16:59 of 2nd period - Wrist shot by Ryan Getzlaf.
16:59 of 2nd period - Stopped by Brian Elliott with a rebound.
17:06 of 2nd period - Icing by Carlo Colaiacovo.
17:07 of 2nd period - Zenon Konopka wins face-off versus Tuomo Ruutu in Penguins zone.
17:14 of 2nd period - Snap shot by Denis Shvidki.
17:14 of 2nd period - Deflect By Marc-Édouard Vlasic.
17:14 of 2nd period - Stopped by Brian Elliott with a rebound.
17:32 of 2nd period - Snap shot by Jason Allison.
17:32 of 2nd period - Deflect By Jonas Hoglund.
17:32 of 2nd period - Shot Misses the Net.
17:32 of 2nd period - Puck is out of play.
17:33 of 2nd period - Ryan Kesler wins face-off versus Jason Allison in Penguins zone.
17:38 of 2nd period - Snap shot by Jason Allison.
17:38 of 2nd period - Deflect By Brian Gionta.
17:38 of 2nd period - Shot Misses the Net.
17:38 of 2nd period - Puck is out of play.
17:39 of 2nd period - Jason Allison wins face-off versus Ryan Kesler in Penguins zone.
18:10 of 2nd period - Slapshot by Alexander Steen.
18:10 of 2nd period - Stopped by Brian Elliott with a rebound.
18:12 of 2nd period - Slapshot by Pavel Kubina.
18:12 of 2nd period - Deflect By Fredrik Sjostrom.
18:12 of 2nd period - Stopped by Brian Elliott with a rebound.
18:14 of 2nd period - Slapshot by Dainius Zubrus.
18:14 of 2nd period - Stopped by Brian Elliott without a rebound.
18:15 of 2nd period - Oleg Kvasha wins face-off versus Dainius Zubrus in Penguins zone.
18:30 of 2nd period - Snap shot by Oleg Kvasha.
18:30 of 2nd period - Stopped by Dan Ellis without a rebound.
18:31 of 2nd period - Alexander Frolov wins face-off versus Ryan Kesler in Jets zone.
18:31 of 2nd period - Alexander Frolov is hit by Kevin Bieksa.
18:47 of 2nd period - Slapshot by Alexander Frolov.
18:47 of 2nd period - Stopped by Brian Elliott with a rebound.
19:04 of 2nd period - Slapshot by Jason Arnott.
19:04 of 2nd period - Shot Misses the Net.
19:06 of 2nd period - Snap shot by Jason Arnott.
19:06 of 2nd period - Goal by Jason Arnott - Jets : 5 - Penguins : 3.
19:07 of 2nd period - Ryan Kesler wins face-off versus Jason Allison in neutral zone.
19:12 of 2nd period - Snap shot by Ryan Kesler.
19:12 of 2nd period - Shot Misses the Net.
19:14 of 2nd period - Slapshot by Daniel Tjarnqvist.
19:14 of 2nd period - Stopped by Dan Ellis with a rebound.
19:52 of 2nd period - Tom Preissing is hit by Bryce Salvador and loses puck.
3rd period
0:01 of 3rd period - Ryan Kesler wins face-off versus Jason Allison in neutral zone.
0:04 of 3rd period - Wrist shot by Steve Staios.
0:04 of 3rd period - Deflect By Ryan Kesler.
0:04 of 3rd period - Shot Blocked by Brian Gionta.
0:04 of 3rd period - Puck is out of play.
0:05 of 3rd period - Jason Allison wins face-off versus Ryan Kesler in Jets zone.
0:32 of 3rd period - Snap shot by Taylor Pyatt.
0:32 of 3rd period - Shot Blocked by Peter Worrell.
1:12 of 3rd period - Wrist shot by Alexander Frolov.
1:12 of 3rd period - Stopped by Brian Elliott with a rebound.
1:15 of 3rd period - Minor Penalty to Brian Gionta for Interference.
1:16 of 3rd period - Ryan Kesler wins face-off versus Ryan Getzlaf in Jets zone.
1:19 of 3rd period - Snap shot by Keith Tkachuk.
1:19 of 3rd period - Shot Blocked by Christian Laflamme.
1:25 of 3rd period - Snap shot by Jonas Hoglund.
1:25 of 3rd period - Stopped by Dan Ellis with a rebound.
1:27 of 3rd period - Slapshot by Tom Preissing.
1:27 of 3rd period - Deflect By Keith Tkachuk.
1:27 of 3rd period - Stopped by Dan Ellis without a rebound.
1:28 of 3rd period - Ryan Kesler wins face-off versus Ryan Getzlaf in Jets zone.
2:28 of 3rd period - Keith Tkachuk is hit by Alexander Frolov.
3:08 of 3rd period - Alexander Frolov is hit by Taylor Pyatt.
3:15 of 3rd period - Penalty to Brian Gionta is over, Brian Gionta is back on ice.
3:24 of 3rd period - Snap shot by Darren Reid.
3:24 of 3rd period - Stopped by Dan Ellis with a rebound.
3:26 of 3rd period - Snap shot by Darren Reid.
3:26 of 3rd period - Stopped by Dan Ellis without a rebound.
3:27 of 3rd period - Zenon Konopka wins face-off versus Tuomo Ruutu in Jets zone.
3:27 of 3rd period - Zenon Konopka is hit by Kevin Bieksa.
3:39 of 3rd period - Snap shot by Jussi Jokinen.
3:39 of 3rd period - Stopped by Dan Ellis without a rebound.
3:40 of 3rd period - Jason Allison wins face-off versus Ryan Kesler in Jets zone.
4:07 of 3rd period - Peter Worrell is hit by Taylor Pyatt and loses puck.
4:09 of 3rd period - Minor Penalty to Steve Staios for Tripping.
4:10 of 3rd period - Jonas Hoglund wins face-off versus Jason Allison in Penguins zone.
4:37 of 3rd period - Marc-Édouard Vlasic is hit by Jason Arnott and loses puck.
5:02 of 3rd period - Oleg Kvasha is hit by Alexander Steen and loses puck.
6:09 of 3rd period - Penalty to Steve Staios is over, Steve Staios is back on ice.
6:17 of 3rd period - Wrist shot by Zenon Konopka.
6:17 of 3rd period - Shot Blocked by Carlo Colaiacovo.
6:43 of 3rd period - Dainius Zubrus is hit by Tom Preissing and loses puck.
6:48 of 3rd period - Snap shot by Oleg Kvasha.
6:48 of 3rd period - Stopped by Dan Ellis without a rebound.
6:49 of 3rd period - Jason Arnott wins face-off versus Oleg Kvasha in Jets zone.
7:08 of 3rd period - Bryce Salvador is hit by Jussi Jokinen and loses puck.
7:13 of 3rd period - Wrist shot by Darren Reid.
7:13 of 3rd period - Stopped by Dan Ellis without a rebound.
7:14 of 3rd period - Ryan Getzlaf wins face-off versus Oleg Kvasha in Jets zone.
7:14 of 3rd period - Ryan Getzlaf is hit by Zigmund Palffy.
7:22 of 3rd period - Wrist shot by Taylor Pyatt.
7:22 of 3rd period - Stopped by Dan Ellis without a rebound.
7:23 of 3rd period - Dainius Zubrus wins face-off versus Oleg Kvasha in Jets zone.
7:49 of 3rd period - Pavel Kubina is hit by Oleg Kvasha and loses puck.
8:00 of 3rd period - Wrist shot by Dainius Zubrus.
8:00 of 3rd period - Stopped by Brian Elliott with a rebound.
8:02 of 3rd period - Snap shot by Pavel Kubina.
8:02 of 3rd period - Shot Blocked by Oleg Kvasha.
8:04 of 3rd period - Slapshot by Wade Redden.
8:04 of 3rd period - Shot Misses the Net.
8:11 of 3rd period - Off-side.
8:12 of 3rd period - Jason Allison wins face-off versus Fredrik Sjostrom in neutral zone.
8:39 of 3rd period - Jason Arnott is hit by Daniel Tjarnqvist and loses puck.
9:04 of 3rd period - Wrist shot by Keith Tkachuk.
9:04 of 3rd period - Goal by Keith Tkachuk - Jets : 5 - Penguins : 4.
9:05 of 3rd period - Ryan Kesler wins face-off versus Jason Allison in neutral zone.
9:13 of 3rd period - Wrist shot by Brian Gionta.
9:13 of 3rd period - Shot Misses the Net.
9:15 of 3rd period - Slapshot by Wade Redden.
9:15 of 3rd period - Shot Misses the Net.
9:22 of 3rd period - Minor Penalty to Steve Staios for Hooking.
9:23 of 3rd period - Jason Allison wins face-off versus Jonas Hoglund in Penguins zone.
10:25 of 3rd period - Niclas Havelid is hit by Ryan Kesler and loses puck.
11:22 of 3rd period - Penalty to Steve Staios is over, Steve Staios is back on ice.
11:32 of 3rd period - Snap shot by Steve Staios.
11:32 of 3rd period - Shot Misses the Net.
11:56 of 3rd period - Colin White is hit by Steve Staios and loses puck.
12:11 of 3rd period - Slapshot by Steve Staios.
12:11 of 3rd period - Stopped by Dan Ellis with a rebound.
12:19 of 3rd period - Christian Laflamme is hit by Jonas Hoglund and loses puck.
12:41 of 3rd period - Minor Penalty to Zigmund Palffy for Hooking.
12:41 of 3rd period - Minor Penalty to Christian Laflamme for Hooking.
12:42 of 3rd period - Jason Allison wins face-off versus Keith Tkachuk in neutral zone.
12:57 of 3rd period - Alexander Frolov is hit by Steve Staios.
13:17 of 3rd period - Snap shot by Jussi Jokinen.
13:17 of 3rd period - Stopped by Dan Ellis without a rebound.
13:18 of 3rd period - Darren Reid wins face-off versus Jason Allison in Jets zone.
13:25 of 3rd period - Snap shot by Jussi Jokinen.
13:25 of 3rd period - Shot Blocked by Alexander Frolov.
13:27 of 3rd period - Slapshot by Darren Reid.
13:27 of 3rd period - Shot Blocked by Pavel Kubina.
13:29 of 3rd period - Slapshot by Daniel Tjarnqvist.
13:29 of 3rd period - Stopped by Dan Ellis without a rebound.
13:30 of 3rd period - Jonas Hoglund wins face-off versus Jason Allison in Jets zone.
13:31 of 3rd period - Wrist shot by Ryan Kesler.
13:31 of 3rd period - Stopped by Dan Ellis without a rebound.
13:32 of 3rd period - Jason Allison wins face-off versus Jonas Hoglund in Jets zone.
14:14 of 3rd period - Wrist shot by Jussi Jokinen.
14:14 of 3rd period - Shot Misses the Net.
14:41 of 3rd period - Penalty to Zigmund Palffy is over, Zigmund Palffy is back on ice.
14:41 of 3rd period - Penalty to Christian Laflamme is over, Christian Laflamme is back on ice.
14:45 of 3rd period - Off-side.
14:46 of 3rd period - Jason Arnott wins face-off versus Oleg Kvasha in neutral zone.
14:58 of 3rd period - Minor Penalty to David Vyborny for Roughing.
14:59 of 3rd period - Ryan Getzlaf wins face-off versus Ryan Kesler in Jets zone.
16:02 of 3rd period - Slapshot by Steve Staios.
16:02 of 3rd period - Stopped by Dan Ellis without a rebound.
16:03 of 3rd period - Keith Tkachuk wins face-off versus Jason Arnott in Jets zone.
16:10 of 3rd period - Wrist shot by Ryan Kesler.
16:10 of 3rd period - Stopped by Dan Ellis without a rebound.
16:11 of 3rd period - Ryan Getzlaf wins face-off versus Ryan Kesler in Jets zone.
16:19 of 3rd period - Off-side.
16:20 of 3rd period - Jonas Hoglund wins face-off versus Ryan Getzlaf in neutral zone.
16:29 of 3rd period - Slapshot by Steve Staios.
16:29 of 3rd period - Deflect By Peter Worrell.
16:29 of 3rd period - Stopped by Dan Ellis without a rebound.
16:30 of 3rd period - Ryan Kesler wins face-off versus Ryan Getzlaf in Jets zone.
16:35 of 3rd period - Wrist shot by Ryan Kesler.
16:35 of 3rd period - Stopped by Dan Ellis with a rebound.
16:37 of 3rd period - Wrist shot by Ryan Kesler.
16:37 of 3rd period - Goal by Ryan Kesler - Jets : 5 - Penguins : 5.
16:38 of 3rd period - Ryan Getzlaf wins face-off versus Tuomo Ruutu in neutral zone.
17:56 of 3rd period - Wrist shot by Tuomo Ruutu.
17:56 of 3rd period - Stopped by Dan Ellis without a rebound.
17:57 of 3rd period - Ryan Getzlaf wins face-off versus T.J. Hensick in Jets zone.
18:10 of 3rd period - Snap shot by Ryan Getzlaf.
18:10 of 3rd period - Stopped by Brian Elliott with a rebound.
18:19 of 3rd period - Icing by Steve Staios.
18:20 of 3rd period - Jason Allison wins face-off versus Tuomo Ruutu in Penguins zone.
18:31 of 3rd period - Slapshot by Kevin Bieksa.
18:31 of 3rd period - Stopped by Dan Ellis without a rebound.
18:32 of 3rd period - Tuomo Ruutu wins face-off versus Ryan Getzlaf in Jets zone.
18:42 of 3rd period - Slapshot by Tom Preissing.
18:42 of 3rd period - Shot Blocked by Dainius Zubrus.
19:22 of 3rd period - Wrist shot by Taylor Pyatt.
19:22 of 3rd period - Goal by Taylor Pyatt - Jets : 5 - Penguins : 6.
19:23 of 3rd period - Ryan Kesler wins face-off versus Jason Allison in neutral zone.
19:46 of 3rd period - Snap shot by Ryan Kesler.
19:46 of 3rd period - Stopped by Dan Ellis with a rebound.
19:56 of 3rd period - Jets, Dan Ellis is pulled from the net.
Output by the SimonT Hockey Simulator (STHS) for François Prévost -- Original Page W3C XHTML 1.0 Valid